PAA
CHESAPEAKE CONTINENTALS @ ATLANTIC CITY SONICS
06/07/2033
 
TOP OF THE 1ST
Chesapeake Continentals batting - Pitching for Atlantic City Sonics : RHP 聲gel Gardener
Pitching: RHP 聲gel Gardener
Batting: RHB Santiago Valent璯 0-0: Ball
1-0: Ball
2-0: Ball
3-0: Base on Balls
Batting: RHB Manuel 聲gel 0-0: Ball
1-0: Swinging Strike
1-1: Swinging Strike
1-2: Foul Ball, location: 2F
1-2: Strikes out swinging
Batting: RHB Otton Dis 0-0: Ball
1-0: Ball
2-0: Called Strike
2-1: Ball
3-1: Swinging Strike
3-2: Foul Ball, location: 2F
3-2: Strikes out swinging
Batting: LHB Rapha螔 Duval 0-0: Ball
Santiago Valent璯 steals 2nd base
1-0: Ball
2-0: Called Strike
2-1: Foul Ball, location: 2F
2-2: Strikes out swinging
Top of the 1st over - 0 runs, 0 hits, 0 errors, 1 left on base; Chesapeake 0 - Atlantic City 0
BOTTOM OF THE 1ST
Atlantic City Sonics batting - Pitching for Chesapeake Continentals : RHP Andrew Prieto
Pitching: RHP Andrew Prieto
Batting: RHB Kendrick Drumgoole 0-0: Called Strike
0-1: Ball
1-1: Foul Ball, location: 2F
1-2: Ball
2-2: Foul Ball, location: 2F
2-2: Foul Ball, location: 2F
2-2: Ground out 6-3 (Groundball, 6S)
Batting: LHB Bryce Abood 0-0: Ball
1-0: Ground out 4-3 (Groundball, 4)
Batting: RHB Dam Son 0-0: Ball
1-0: Foul Ball, location: 2F
1-1: Foul Ball, location: 2F
1-2: Foul Ball, location: 2F
1-2: Fly out, F7 (Flyball, 7LDF)
Bottom of the 1st over - 0 runs, 0 hits, 0 errors, 0 left on base; Chesapeake 0 - Atlantic City 0
TOP OF THE 2ND
Chesapeake Continentals batting - Pitching for Atlantic City Sonics : RHP 聲gel Gardener
Batting: RHB Jim MacRach 0-0: Foul Ball, location: 2F
0-1: Ball
1-1: Swinging Strike
1-2: Strikes out swinging
Batting: SHB Sean Worley 0-0: Called Strike
0-1: Foul Ball, location: 2F
0-2: DOUBLE (Line Drive, 78XD)
Batting: LHB Mathias Gudmestad 0-0: Called Strike
0-1: Ball
1-1: Ball
2-1: Fly out, F3 (Line Drive, 34)
Batting: RHB Shou-chien Luo 0-0: Ball
1-0: Ground out 4-3 (Groundball, 4)
Top of the 2nd over - 0 runs, 1 hit, 0 errors, 1 left on base; Chesapeake 0 - Atlantic City 0
BOTTOM OF THE 2ND
Atlantic City Sonics batting - Pitching for Chesapeake Continentals : RHP Andrew Prieto
Batting: RHB Mike Pate 0-0: Ball
1-0: Fly out, F3 (Popup, 34S)
Batting: RHB Alejandro S嫕chez 0-0: Ground out 5-3 (Groundball, 56)
Batting: RHB Elwiin Hund 0-0: Ball
1-0: Swinging Strike
1-1: Ground out 6-3 (Groundball, 6)
Bottom of the 2nd over - 0 runs, 0 hits, 0 errors, 0 left on base; Chesapeake 0 - Atlantic City 0
TOP OF THE 3RD
Chesapeake Continentals batting - Pitching for Atlantic City Sonics : RHP 聲gel Gardener
Batting: RHB Yohann Serres 0-0: Called Strike
0-1: Ball
1-1: Ground out 6-3 (Groundball, 6)
Batting: RHB Santiago Valent璯 0-0: Called Strike
0-1: Fly out, F7 (Flyball, 7S)
Batting: RHB Manuel 聲gel 0-0: Called Strike
0-1: Ball
1-1: Foul Ball, location: 2F
1-2: Foul Ball, location: 2F
1-2: Foul Ball, location: 2F
1-2: Strikes out swinging
Top of the 3rd over - 0 runs, 0 hits, 0 errors, 0 left on base; Chesapeake 0 - Atlantic City 0
BOTTOM OF THE 3RD
Atlantic City Sonics batting - Pitching for Chesapeake Continentals : RHP Andrew Prieto
Batting: RHB Toyozo Yamasaki 0-0: Ball
1-0: Ball
2-0: Called Strike
2-1: Ball
3-1: Base on Balls
Batting: RHB Miguel Canales 0-0: Ball
1-0: Ball
2-0: Fielders Choice at 2nd, 5-4 (Groundball, 5)
Batting: LHB Donovan Inman 0-0: Foul Ball, location: 2F
0-1: Called Strike
Miguel Canales steals 2nd base
0-2: Foul Ball, location: 2F
0-2: Strikes out looking
Batting: RHB Kendrick Drumgoole 0-0: Foul Ball, location: 2F
0-1: Called Strike
0-2: Foul Ball, location: 2F
0-2: Ground out 6-3 (Groundball, 6)
Bottom of the 3rd over - 0 runs, 0 hits, 0 errors, 1 left on base; Chesapeake 0 - Atlantic City 0
TOP OF THE 4TH
Chesapeake Continentals batting - Pitching for Atlantic City Sonics : RHP 聲gel Gardener
Batting: RHB Otton Dis 0-0: Called Strike
0-1: Foul Ball, location: 2F
0-2: Ball
1-2: TRIPLE (Flyball, 7D)
Batting: LHB Rapha螔 Duval 0-0: Ball
1-0: Foul Ball, location: 2F
1-1: Foul Ball, location: 2F
1-2: Strikes out swinging
Batting: RHB Jim MacRach 0-0: Foul Ball, location: 2F
0-1: Swinging Strike
0-2: Strikes out swinging
Batting: SHB Sean Worley 0-0: Ball
1-0: Called Strike
1-1: Ball
2-1: Foul Ball, location: 2F
2-2: Foul Ball, location: 2F
2-2: Ball
3-2: Strikes out looking
Top of the 4th over - 0 runs, 1 hit, 0 errors, 1 left on base; Chesapeake 0 - Atlantic City 0
BOTTOM OF THE 4TH
Atlantic City Sonics batting - Pitching for Chesapeake Continentals : RHP Andrew Prieto
Batting: LHB Bryce Abood 0-0: Ball
1-0: SINGLE (Groundball, 4MD)
Batting: RHB Dam Son 0-0: Foul Ball, location: 2F
0-1: Fly out, F9 (Flyball, 9LSF)
Batting: RHB Mike Pate 0-0: Ball
1-0: Called Strike
1-1: SINGLE (Groundball, 6MD)
Bryce Abood to second
Batting: RHB Alejandro S嫕chez 0-0: Swinging Strike
0-1: Foul Ball, location: 2F
0-2: SINGLE (Groundball, 56D)
Bryce Abood to third
Mike Pate to second
Batting: RHB Elwiin Hund 0-0: Called Strike
0-1: Foul Ball, location: 2F
0-2: Ball
1-2: Strikes out swinging
Batting: RHB Toyozo Yamasaki 0-0: Ball
1-0: Ball
2-0: Fly out, F7 (Flyball, 78S)
Bottom of the 4th over - 0 runs, 3 hits, 0 errors, 3 left on base; Chesapeake 0 - Atlantic City 0
TOP OF THE 5TH
Chesapeake Continentals batting - Pitching for Atlantic City Sonics : RHP 聲gel Gardener
Batting: LHB Mathias Gudmestad 0-0: Called Strike
0-1: Swinging Strike
0-2: Strikes out looking
Batting: RHB Shou-chien Luo 0-0: Called Strike
0-1: Foul Ball, location: 2F
0-2: Ball
1-2: Strikes out looking
Batting: RHB Yohann Serres 0-0: Swinging Strike
0-1: Ball
1-1: Foul Ball, location: 2F
1-2: Ball
2-2: Ball
3-2: Foul Ball, location: 2F
3-2: Strikes out swinging
Top of the 5th over - 0 runs, 0 hits, 0 errors, 0 left on base; Chesapeake 0 - Atlantic City 0
BOTTOM OF THE 5TH
Atlantic City Sonics batting - Pitching for Chesapeake Continentals : RHP Andrew Prieto
Batting: RHB Miguel Canales 0-0: Ball
1-0: Ball
2-0: Ball
3-0: Called Strike
3-1: Ground out 3-1 (Groundball, 34)
Batting: LHB Donovan Inman 0-0: Ball
1-0: Called Strike
1-1: Ball
2-1: Foul Ball, location: 2F
2-2: Foul Ball, location: 2F
2-2: Ground out 4-3 (Groundball, 4)
Batting: RHB Kendrick Drumgoole 0-0: Fly out, F7 (Flyball, 78M)
Bottom of the 5th over - 0 runs, 0 hits, 0 errors, 0 left on base; Chesapeake 0 - Atlantic City 0
TOP OF THE 6TH
Chesapeake Continentals batting - Pitching for Atlantic City Sonics : RHP 聲gel Gardener
Batting: RHB Santiago Valent璯 0-0: Fly out, F8 (Flyball, 8LD)
Batting: RHB Manuel 聲gel 0-0: Ball
1-0: Ball
2-0: Swinging Strike
2-1: Swinging Strike
2-2: Fly out, F7 (Flyball, 7LM)
Batting: RHB Otton Dis 0-0: Called Strike
0-1: Called Strike
0-2: Ball
1-2: Ball
2-2: Ball
3-2: Foul Ball, location: 2F
3-2: Foul Ball, location: 2F
3-2: Base on Balls
Batting: LHB Rapha螔 Duval 0-0: Ball
1-0: Ball
2-0: Ball
3-0: Foul Ball, location: 2F
3-1: Fly out, F9 (Flyball, 9)
Top of the 6th over - 0 runs, 0 hits, 0 errors, 1 left on base; Chesapeake 0 - Atlantic City 0
BOTTOM OF THE 6TH
Atlantic City Sonics batting - Pitching for Chesapeake Continentals : RHP Andrew Prieto
Batting: LHB Bryce Abood 0-0: Ball
1-0: Called Strike
1-1: Fly out, F3 (Popup, 3)
Batting: RHB Dam Son 0-0: Ball
1-0: Foul Ball, location: 2F
1-1: Swinging Strike
1-2: Foul Ball, location: 2F
1-2: DOUBLE (Flyball, 8LXD)
Batting: RHB Mike Pate 0-0: Ball
1-0: Foul Ball, location: 2F
1-1: Ball
2-1: Foul Ball, location: 2F
2-2: Strikes out looking
Batting: RHB Alejandro S嫕chez 0-0: Ball
1-0: Fly out, F3 (Popup, 34)
Bottom of the 6th over - 0 runs, 1 hit, 0 errors, 1 left on base; Chesapeake 0 - Atlantic City 0
TOP OF THE 7TH
Chesapeake Continentals batting - Pitching for Atlantic City Sonics : RHP 聲gel Gardener
Batting: RHB Jim MacRach 0-0: Foul Ball, location: 2F
0-1: Foul Ball, location: 2F
0-2: Ball
1-2: Foul Ball, location: 2F
1-2: Strikes out swinging
Batting: SHB Sean Worley 0-0: Ground out 5-3 (Groundball, 25)
Batting: LHB Mathias Gudmestad 0-0: Fly out, F9 (Flyball, 9D)
Top of the 7th over - 0 runs, 0 hits, 0 errors, 0 left on base; Chesapeake 0 - Atlantic City 0
BOTTOM OF THE 7TH
Atlantic City Sonics batting - Pitching for Chesapeake Continentals : RHP Andrew Prieto
Batting: RHB Elwiin Hund 0-0: Called Strike
0-1: Foul Ball, location: 2F
0-2: Ball
1-2: Ball
2-2: Ball
3-2: Foul Ball, location: 2F
3-2: DOUBLE (Line Drive, 9LM)
Pinch Hitting: SHB Curt Pack 0-0: Intentional Walk
Batting: RHB Miguel Canales 0-0: Called Strike
0-1: Bunt missed!
0-2: Foul Ball, location: 2F
0-2: SINGLE (Line Drive, 56D)
Elwiin Hund to third
Curt Pack to second
Batting: LHB Donovan Inman 0-0: Grounds into double play, 6-2-3 (Groundball, 6)
Curt Pack to third
Miguel Canales to second
Batting: RHB Kendrick Drumgoole 0-0: Called Strike
0-1: Ground out 1-3 (Groundball, 13)
Bottom of the 7th over - 0 runs, 2 hits, 0 errors, 2 left on base; Chesapeake 0 - Atlantic City 0
TOP OF THE 8TH
Chesapeake Continentals batting - Pitching for Atlantic City Sonics : RHP 聲gel Gardener
Now at 2B: Malcolm Campbell
Batting: RHB Shou-chien Luo 0-0: Called Strike
0-1: Ball
1-1: Called Strike
1-2: Strikes out swinging
Batting: RHB Yohann Serres 0-0: Ball
1-0: Ball
2-0: Fly out, F9 (Line Drive, 89XD)
Batting: RHB Santiago Valent璯 0-0: Called Strike
0-1: Foul Ball, location: 2F
0-2: Ball
1-2: Ball
2-2: Reached on error, E6 (Groundball, 6D)
Batting: RHB Manuel 聲gel 0-0: Ball
1-0: Called Strike
1-1: Ball
2-1: Foul Ball, location: 2F
2-2: Foul Ball, location: 2F
2-2: Strikes out looking
Top of the 8th over - 0 runs, 0 hits, 1 error, 1 left on base; Chesapeake 0 - Atlantic City 0
BOTTOM OF THE 8TH
Atlantic City Sonics batting - Pitching for Chesapeake Continentals : RHP Andrew Prieto
Batting: LHB Bryce Abood 0-0: Called Strike
0-1: Foul Ball, location: 2F
0-2: Strikes out swinging
Batting: RHB Dam Son 0-0: Ball
1-0: Ball
2-0: Ball
3-0: Base on Balls
Pitching: LHP Cedric Zuercher
Batting: RHB Mike Pate 0-0: Foul Ball, location: 2F
0-1: Ball
1-1: Ball
2-1: Foul Ball, location: 2F
2-2: Ball
3-2: Fly out, F8 (Line Drive, 8RD)
Batting: RHB Alejandro S嫕chez 0-0: Called Strike
0-1: Called Strike
0-2: Ball
1-2: Foul Ball, location: 2F
1-2: Strikes out swinging
Bottom of the 8th over - 0 runs, 0 hits, 0 errors, 1 left on base; Chesapeake 0 - Atlantic City 0
TOP OF THE 9TH
Chesapeake Continentals batting - Pitching for Atlantic City Sonics : RHP 聲gel Gardener
Pitching: RHP Amando Codes
Pinch Hitting: RHB Obi Jones 0-0: Foul Ball, location: 2F
0-1: Foul Ball, location: 2F
0-2: Ground out 6-3 (Groundball, 56)
Batting: LHB Rapha螔 Duval 0-0: Foul Ball, location: 2F
0-1: Swinging Strike
0-2: Ball
1-2: SOLO HOME RUN (Flyball, 9D), Distance : 365 ft
Batting: RHB Jim MacRach 0-0: Called Strike
0-1: Ball
1-1: Swinging Strike
1-2: Strikes out swinging
Batting: SHB Sean Worley 0-0: Foul Ball, location: 2F
0-1: Ball
1-1: Called Strike
1-2: Ball
2-2: DOUBLE (Line Drive, 89XD)
Batting: LHB Mathias Gudmestad 0-0: Called Strike
0-1: Ball
1-1: SINGLE (Line Drive, 9S)
Sean Worley to third
Runner from 3rd tries for Home, SAFE, throw made home
Batting: RHB Shou-chien Luo 0-0: Ball
Mathias Gudmestad steals 2nd base
1-0: Ball
2-0: Foul Ball, location: 2F
2-1: SINGLE (Line Drive, 34D)
Mathias Gudmestad to third
Runner from 3rd tries for Home, SAFE, no throw
Pitching: LHP Todd Howell
Batting: RHB Yohann Serres 0-0: Swinging Strike
0-1: Foul Ball, location: 2F
0-2: Ball
1-2: Foul Ball, location: 2F
1-2: Ball
2-2: Strikes out swinging
Top of the 9th over - 3 runs, 4 hits, 0 errors, 1 left on base; Chesapeake 3 - Atlantic City 0
BOTTOM OF THE 9TH
Atlantic City Sonics batting - Pitching for Chesapeake Continentals : LHP Cedric Zuercher
Pitching: RHP Francisco D燰z
Now at SS: Holden Nolan
Batting: RHB Elwiin Hund 0-0: Ball
1-0: Called Strike
1-1: Foul Ball, location: 2F
1-2: Foul Ball, location: 2F
1-2: Ball
2-2: Strikes out swinging
Batting: RHB Malcolm Campbell 0-0: Swinging Strike
0-1: Fly out, F4 (Line Drive, 4)
Batting: RHB Miguel Canales 0-0: SINGLE (Line Drive, 9LM)
Batting: LHB Donovan Inman 0-0: Ball
1-0: Called Strike
1-1: Ball
2-1: Foul Ball, location: 2F
2-2: Ball
3-2: Fly out, F9 (Flyball, 9LM)
Bottom of the 9th over - 0 runs, 1 hit, 0 errors, 1 left on base; Chesapeake 3 - Atlantic City 0
Saturday, December 22nd, 2018 - OOTP Baseball 18.8 Build 76